 Dungeon Crawl Stone Soup version 0.19.0-16-g73b5abf (webtiles) character file.

138 Dioneo the Chopper (level 5, -7/67 HPs)
             Began as a Hill Orc Abyssal Knight on Nov 10, 2016.
             Was a Believer of Lugonu.
             Killed from afar by Robin (11 damage)
             ... with a wand of flame
             ... on level 2 of the Dungeon.
             The game lasted 00:05:04 (1957 turns).

Dioneo the Chopper (Hill Orc Abyssal Knight)        Turns: 1957, Time: 00:05:04

Health: -7/67      AC: 22    Str: 16    XL:     5   Next: 21%
Magic:  8/8        EV:  2    Int: 12    God:    Lugonu [**....]
Gold:   85         SH:  0    Dex: 10    Spells: 0 memorised, 4 levels left

rFire  . . .     SeeInvis .     n - +0 war axe
rCold  . . .     Gourm    .     (armour currently unavailable)
rNeg   + + +     Faith    .     (no shield)
rPois  +         Spirit   .     (helmet currently unavailable)
rElec  .         Reflect  .     (cloak currently unavailable)
rCorr  .         Harm     .     (gloves currently unavailable)
MR     .....     NoTele   +     (boots currently unavailable)
Stlth  +.........               (no amulet)
                                (no ring)
                                (no ring)

@: lethally poisoned (-7 -> -8), tree-form
A: no striking features
a: Depart the Abyss, Bend Space, Renounce Religion


You were on level 2 of the Dungeon.
You worshipped Lugonu.
Lugonu was pleased with you.
You were hungry.
You were a tree.
You visited 1 branch of the dungeon, and saw 2 of its levels.
You visited the Abyss 1 time.

You collected 85 gold pieces.

Inventory:

Hand Weapons
 n - a +0 war axe (weapon)
Armour
 d - a +0 chain mail (melded)
Jewellery
 l - an uncursed amulet of the gourmand {unknown}
Scrolls
 a - 2 scrolls of random uselessness {unknown}
 f - a scroll of amnesia
 j - 2 scrolls of magic mapping
Potions
 b - a potion of berserk rage {unknown}
 e - a potion of flight
 g - a potion of lignification
 h - a potion of ambrosia {unknown}
 k - a potion of cancellation {unknown}
 m - a potion of might {unknown}
 o - a potion of curing {unknown}
Comestibles
 c - 2 bread rations
 i - 3 chunks of flesh


   Skills:
 - Level 3.6 Fighting
 + Level 5.3 Axes
 - Level 2.1 Armour
 - Level 0.7 Dodging
 + Level 5.0 Invocations


You had 4 spell levels left.
You didn't know any spells.

Dungeon Overview and Level Annotations

Branches:
Dungeon (2/15)

Altars:

Annotations:
D:2 Robin


Message History

You closely miss the goblin. You hit Robin. You hit the goblin.
You kill the goblin!
Lugonu accepts your kill.
You feel sick.
The goblin no longer looks unusually strong. x2
Robin hits you but does no damage. The goblin hits you.
Robin zaps a wand.
The puff of flame hits you!
* * * LOW HITPOINT WARNING * * *
It is a wand of flame.
The goblin hits you with a club.
* * * LOW HITPOINT WARNING * * *
It was a potion of flight.
You feel very buoyant.
You fly up into the air.
The goblin hits you.
* * * LOW HITPOINT WARNING * * *
It was a potion of lignification.
You turn into a tree.
Your +0 chain mail melds into your body.
Your roots penetrate the ground.
The goblin hits you but does no damage. x2
Robin zaps a wand.
Helpless, you fail to dodge the puff of flame.
You die...

#.....#####....# g#
#...........####.######.#
#.....###.......... ....#
####### ##.#######. ..#.#
#..# ##...# ##.##
####...# #..# #gw...#
#.## #####g###.#
#######.####..g♣g# #.#
#............##### #..
#.....######## ####
#.....# #.....# #.....#
#######


You could see a worm, Robin and 3 goblins.

Vanquished Creatures
  Jessica (D:2)
  4 adders (D:2)
  An ooze (D:1)
  2 worms (D:2)
  3 dart slugs (D:1)
  4 bats
  2 giant cockroaches (D:1)
  7 hobgoblins
  5 jackals (D:1)
  5 kobolds
  4 frilled lizards
  12 goblins
  7 rats
57 creatures vanquished.

Notes
Turn   | Place    | Note
-------+----------+-------------------------------------------
     0 | Abyss:1  | Dioneo the Hill Orc Abyssal Knight began the quest for the Orb.
     0 | Abyss:1  | Reached XP level 1. HP: 19/19 MP: 2/2
     5 | Abyss:1  | Found a corrupted altar of Lugonu.
    77 | Abyss:1  | Found a corrupted altar of Lugonu.
   109 | Abyss:1  | Noticed an air elemental
   110 | D:1      | Escaped the Abyss
   302 | D:1      | Reached XP level 2. HP: 26/26 MP: 2/4
   399 | D:1      | Reached * piety under Lugonu
   712 | D:1      | Reached XP level 3. HP: 20/31 MP: 5/5
  1374 | D:2      | Noticed Jessica
  1413 | D:2      | Killed Jessica
  1413 | D:2      | Reached ** piety under Lugonu
  1413 | D:2      | Reached XP level 4. HP: 24/39 MP: 5/7
  1843 | D:2      | Reached skill level 5 in Axes
  1906 | D:2      | Reached XP level 5. HP: 45/45 MP: 8/8
  1929 | D:2      | Noticed Robin
  1950 | D:2      | Reached skill level 5 in Invocations
  1957 | D:2      | Killed from afar by Robin

Skill      XL: |  1  2  3  4  5 |
---------------+----------------+-----
Axes           | 3 4 5 |  5.3
Invocations    | 3 4 5 |  5.0
Fighting       | |  3.6
Armour         | |  2.1
Dodging        | |  0.7

Action                   |  1- 3 |  4- 6 || total
-------------------------+-------+-------++-------
Melee: Hand axe          |   117 |     7 ||   124
       War axe           |       |    52 ||    52
Invok: Depart the Abyss  |     1 |       ||     1
  Use: Scroll            |     2 |       ||     2
       Potion            |       |     2 ||     2
 Stab: Sleeping          |     1 |       ||     1
  Eat: Chunk             |     1 |     2 ||     3
Armor: Leather armour    |    23 |       ||    23
       Chain mail        |    43 |    46 ||    89
       Skin              |       |     2 ||     2
Dodge: Dodged            |    52 |    27 ||    79
